 Dungeon Crawl Stone Soup version 0.31-a0-1202-ga8fea8b373 (webtiles) character file.

Game seed: 2137662118225308710

3530 Malachi the Trooper (level 9, -5/80 HPs)
             Began as an Armataur Cinder Acolyte on Dec 12, 2023.
             Was a Follower of Ignis.
             Slain by a wyvern (13 damage)
             ... on level 8 of the Dungeon.
             The game lasted 00:09:57 (9450 turns).

Malachi the Trooper (Armataur Cinder Acolyte)       Turns: 9450, Time: 00:09:57

Health: -5/80      AC:  6    Str: 29    XL:     9   Next: 82%
Magic:  9/9        EV:  8    Int: 15    God:    Ignis [*.....]
Gold:   482        SH:  0    Dex:  4    Spells: 10/10 levels left

rFire   + . .        q - +0 trident (elec)
rCold   . . .        (no shield)
rNeg    . . .        o - +0 scale mail "Lorphysk" {Fly rElec rPois Int+2}
rPois   +            (helmet currently unavailable)
rElec   +            (cloak currently unavailable)
rCorr   +            i - melded +0 pair of gloves
SInv    .            (no barding)
Will    .....        (no amulet) Stlth
                     e - ring of resist corrosion
HPRegen 0.33/turn    (no ring)
MPRegen 0.11/turn

%: roll
@: beast-form, flying
A: beast (slay +3), large, deformed body, tough skin 3, armoured tail, roll 2,
long tongue, low MP 1, robust 1, strong 1
a: Begin Untransformation, Renounce Religion, Fiery Armour, Foxfire Swarm,
Rising Flame


You were on level 8 of the Dungeon.
You worshipped Ignis.
Ignis was aware of your devotion.
You were a hulking beast.
You visited 1 branch of the dungeon, and saw 8 of its levels.

You collected 482 gold pieces.

Inventory:

Hand Weapons
 q - a +0 trident of electrocution (weapon)
Armour
 i - a +0 pair of gloves (melded)
 o - the +0 scale mail "Lorphysk" (worn) {Fly rElec rPois Int+2}
   (You found it on level 5 of the Dungeon)

   Int+2:     It affects your intelligence (+2).
   rElec:     It insulates you from electricity.
   rPois:     It protects you from poison Fly: It grants you flight.
Jewellery
 e - a ring of resist corrosion (left hand)
 h - a ring of magical power
Talismans
 b - a flux talisman
 m - a beast talisman (active)
Wands
 a - a wand of flame (17)
 f - a wand of roots (26)
 l - a wand of paralysis (3)
Scrolls
 c - 5 scrolls of identify
 g - 3 scrolls of fog
 j - 6 scrolls of teleportation
 p - a scroll of enchant armour
Potions
 d - a potion of curing
 k - a potion of magic
 n - 2 potions of attraction
 r - a potion of haste
 s - a potion of might
 t - a potion of cancellation
 u - a potion of ambrosia


   Skills:
 + Level 7.7 Fighting
 * Level 6.3 Polearms
 - Level 5.3 Unarmed Combat
 - Level 1.1 Spellcasting
 - Level 2.7 Fire Magic
 + Level 5.8 Shapeshifting


You had 10 spell levels left.
You didn't know any spells.
Your spell library contained the following spells:

 Spells                   Type           Power      Damage    Failure   Level
 Scorch                   Fire           18%        2d5       26%         2
 Tukima's Dance           Hex            0%         N/A       85%         3
 Dimensional Bullseye     Hex/Tloc       0%         N/A       99%         4
 Iskenderun's Mystic Bla  Conj/Tloc      0%         2d3       99%         4


Dungeon Overview and Level Annotations

Branches:
Dungeon (8/15)             Temple (0/1) D:7
   Lair: D:8-11

Altars:
Ashenzari
Gozag
Kikubaaqudgha
Nemelex Xobeh
Trog
Xom
Yredelemnul
The Shining One

Shops:
D:2 *   D:5 *:??   D:8 !


Innate Abilities, Weirdness & Mutations

You are a hulking beast.
Your limbs bulge with bestial killing power. (Slay +3)
Armour fits poorly on your strangely shaped body.
You have extremely tough skin. (AC +3)
You have a long armoured tail.
You roll and regenerate health when moving toward enemies. (Rampage Heal)
Your long tongue fully drains potion bottles. (2x potion effects)
Your magical capacity is low. (-10% MP)
You are robust. (+10% HP)
Your muscles are strong. (Str +4, Int/Dex -1)


Message History

The bullfrog releases a deep croak.
Okay, then.
There is a stone staircase leading up here.
You closely miss the wyvern.
Your tail-slap misses the wyvern.
The wyvern barely misses you.
The bullfrog hits you but does no damage.
You puncture the bullfrog!
Your tail-slap misses the bullfrog.
The bullfrog is almost dead.
The wyvern bites you! The bullfrog hits you. The wyvern closely misses you.
You closely miss the bullfrog.
The bullfrog is almost dead.
The bullfrog hits you!
The wyvern bites you but does no damage.
The bullfrog hits you but does no damage.
You closely miss the bullfrog.
The bullfrog is almost dead.
The wyvern bites you!
The bullfrog hits you but does no damage.
The wyvern bites you!
You are too injured to fight recklessly!
You are too injured to fight recklessly!
You are too injured to fight recklessly!
You completely miss the wyvern. You tail-slap the wyvern!
The wyvern is heavily wounded.
The bullfrog hits you but does no damage.
The wyvern bites you!
The bullfrog hits you but does no damage.
You hit the wyvern.
The wyvern is heavily wounded.
The wyvern bites you!
* * * LOW HITPOINT WARNING * * *
The bullfrog hits you.
* * * LOW HITPOINT WARNING * * *
The wyvern barely misses you.
You closely miss the wyvern.
The wyvern is heavily wounded.
The bullfrog hits you.
* * * LOW HITPOINT WARNING * * *
The wyvern bites you!
You die...

##..........##
.............#.
...............
.............
..#.........
#.........##
#.......F..#
#..kh# #..<.#
.......###
#......#
#..../..
.........
.........
.....>..∩.
.......


You could see a wyvern and a bullfrog.

Vanquished Creatures
  A two-headed ogre (D:6)
  Maggie (D:7)
  Grinder (D:4)
  Sigmund (D:2)
  Duvessa (D:4)
  An orc warrior (D:7)
  2 ice beasts
  A black bear (D:5)
  An ogre (D:6)
  A phantom (D:7)
  A kobold brigand (D:7)
  Blork the orc (D:6)
  A bullfrog (D:7)
  2 scorpions (D:4)
  Dowan (D:4)
  5 killer bees (D:7)
  2 howler monkeys
  4 hounds
  2 gnoll boudas
  3 jellies
  5 iguanas
  10 orc wizards
  A sleepcap (D:6)
  Terence (D:2)
  7 gnolls
  6 adders
  2 shadow imps
  2 white imps
  2 ufetubi (D:3)
  3 worms
  6 dart slugs
  28 orcs
  3 endoplasms
  4 giant cockroaches
  3 goblins
  8 hobgoblins
  3 jackals (D:1)
  5 quokkas
  7 ball pythons
  10 bats
  2 frilled lizards (D:1)
  12 kobolds
  3 rats
166 creatures vanquished.

Vanquished Creatures (others)
  An orc wizard (D:6)
  72 foxfires
73 creatures vanquished.

Grand Total: 239 creatures vanquished

Notes
Turn   | Place    | Note
-------+----------+-------------------------------------------
     0 | D:1      | Malachi the Armataur Cinder Acolyte began the quest for the
                  | Orb.
     0 | D:1      | Reached XP level 1. HP: 17/17 MP: 2/2
   195 | D:1      | Reached XP level 2. HP: 23/23 MP: 3/3
   295 | D:1      | Reached skill level 3 in Fighting
   465 | D:1      | Reached XP level 3. HP: 28/29 MP: 4/4
   799 | D:2      | Found Mubuon's Assorted Antiques.
   933 | D:2      | Reached skill level 1 in Shapeshifting
  1170 | D:2      | Noticed Terence
  1187 | D:2      | Gained mutation: You occasionally lose the ability to drink
                  | potions when taking damage. [potion of mutation]
  1187 | D:2      | Lost mutation: You occasionally lose the ability to drink
                  | potions when taking damage. [potion of mutation]
  1187 | D:2      | Gained mutation: Your muscles are strong. (Str +4, Int/Dex
                  | -1) [potion of mutation]
  1187 | D:2      | Gained mutation: Your magical capacity is low. (-10% MP)
                  | [potion of mutation]
  1187 | D:2      | Gained mutation: You are robust. (+10% HP) [potion of
                  | mutation]
  1188 | D:2      | Killed Terence
  1189 | D:2      | Reached XP level 4. HP: 11/38 MP: 5/5
  1586 | D:2      | Noticed Sigmund
  1609 | D:2      | Killed Sigmund
  1610 | D:2      | Reached skill level 4 in Fighting
  1610 | D:2      | Reached XP level 5. HP: 26/46 MP: 6/6
  2281 | D:3      | Reached XP level 6. HP: 52/52 MP: 6/6
  2652 | D:3      | Found an opulent altar of Gozag.
  2652 | D:3      | Found a sparkling altar of Nemelex Xobeh.
  2840 | D:4      | Noticed Duvessa
  2841 | D:4      | Noticed Dowan
  2872 | D:4      | Killed Dowan
  2876 | D:4      | Killed Duvessa
  2877 | D:4      | Gained mutation: You roll and regenerate health when moving
                  | toward enemies. (Rampage Heal) [Armataur growth]
  2877 | D:4      | Reached XP level 7. HP: 9/60 MP: 7/7
  3309 | D:4      | Reached skill level 5 in Fighting
  3400 | D:4      | Noticed Grinder
  3432 | D:4      | Killed Grinder
  3433 | D:4      | Reached skill level 5 in Unarmed Combat
  4008 | D:5      | Entered Level 5 of the Dungeon
  4021 | D:5      | Reached skill level 1 in Polearms
  4021 | D:5      | Reached XP level 8. HP: 68/70 MP: 8/8
  4067 | D:5      | HP: 3/70 [hound (2)]
  4069 | D:5      | Reached skill level 6 in Fighting
  4598 | D:5      | Identified the +0 scale mail "Lorphysk" {Fly rElec rPois
                  | Int+2}
  5037 | D:5      | Found Emmaps's Magic Scroll Shop.
  5038 | D:5      | Found Giafay's Assorted Antiques.
  5038 | D:5      | Found Amarrats's Book Emporium.
  5039 | D:5      | Found Gocuowaa's Magic Scroll Boutique.
  5385 | D:5      | Found a glowing golden altar of the Shining One.
  5815 | D:6      | HP: 3/70 [iguana (10)]
  6225 | D:6      | Noticed Blork the orc
  6231 | D:6      | Killed Blork the orc
  6267 | D:6      | Found a basalt altar of Yredelemnul.
  6270 | D:6      | Found a shimmering altar of Xom.
  6273 | D:6      | Found a bloodstained altar of Trog.
  6273 | D:6      | Found an ancient bone altar of Kikubaaqudgha.
  6297 | D:6      | Found a broken altar of Ashenzari.
  6305 | D:6      | Noticed a two-headed ogre
  6314 | D:6      | Killed a two-headed ogre
  6315 | D:6      | Reached XP level 9. HP: 27/78 MP: 3/9
  6324 | D:6      | Reached skill level 7 in Fighting
  6510 | D:6      | Reached skill level 5 in Shapeshifting
  7360 | D:7      | Reached skill level 5 in Polearms
  8147 | D:7      | Noticed Maggie
  8165 | D:7      | Killed Maggie
  9002 | D:7      | Found a staircase to the Ecumenical Temple.
  9439 | D:8      | Found Kiotiybeitt's Distillery.
  9450 | D:8      | Slain by a wyvern

Illustrated notes

Levels and vault maps discovered:
D:1:      minmay_arrival_jagged, layout_loops_ring
D:2:      layout_basic, serial_shops, nicolae_shop_tiny_statue_garden,
          uniq_terence, uniq_sigmund
D:3:      layout_loops_cross, grunt_temple_overflow_opulence
D:4:      layout_loops_ring, minivault_24, uniq_duvessa, uniq_grinder
D:5:      layout_rooms, nicolae_tso_swordbearing_angel,
          nicolae_wooded_promenade, minmay_misc_feat_iff
D:6:      layout_loops_ring, nicolae_overflow_hallway_of_the_gods,
          uniq_blork_the_orc
D:7:      layout_layer_cave, minmay_temple_entry_glass, uniq_maggie
D:8:      layout_cave_pools, nicolae_dithmenos_shadow_blocks, serial_shops,
          shop, enter_bailey_5

Skill      XL: |  1  2  3  4  5  6  7  8  9 |
---------------+----------------------------+-----
Fighting       | 3 4 5 6 7 |  7.7
Unarmed Combat | 3 4 5 |  5.3
Shapeshifting  | 1 2 3 4 5 |  5.8
Polearms       | 1 4 6 |  6.3
Spellcasting   | |  1.1
Fire Magic     | |  2.7

Action                     |  1- 3 |  4- 6 |  7- 9 || total
---------------------------+-------+-------+-------++-------
  Melee: Unarmed           |   118 |   183 |   193 ||   494
         Tailslap          |    11 |    15 |    26 ||    52
         Punch             |       |     3 |     6 ||     9
         Trident           |       |       |   183 ||   183
 Invoke: Fiery Armour      |       |       |     5 ||     5
         Foxfire Swarm     |       |       |     4 ||     4
    Use: Potion            |     2 |     2 |     2 ||     6
         Scroll            |       |     4 |     9 ||    13
 Armour: Robe              |     8 |       |       ||     8
         Chain mail        |    73 |       |       ||    73
         Plate armour      |    28 |   154 |   191 ||   373
         Skin              |     2 |    20 |       ||    22
         Scale mail        |       |       |   255 ||   255
  Dodge: Dodged            |    25 |    32 |   136 ||   193
   Form: Beast             |       |       |     1 ||     1

Table legend: (Time is in decaauts)
 A = Elapsed time spent in this place.
 B = Non-inter-level travel time spent in this place.
 C = Inter-level travel time spent in this place.
 D = Time resting spent in this place.
 E = Time spent auto-exploring this place.
 F = Levels seen in this place.
 G = Mean time per level.
                   A        B        C        D        E       F      G
               +--------+--------+--------+--------+--------+-----+--------+
         Total |   9419 |   9137 |    282 |   2658 |   5204 |   8 | 1177.4 |
       Dungeon |   9419 |   9137 |    282 |   2658 |   5204 |   8 | 1177.4 |
               +--------+--------+--------+--------+--------+-----+--------+

Top non-repeatable levels by time:
     D:7: 2205 daAuts
     D:6: 1740 daAuts
     D:5: 1486 daAuts
     D:4: 1293 daAuts
     D:2: 1104 daAuts
     D:1: 794 daAuts
     D:3: 783 daAuts
     D:8: 11 daAuts
